 Dungeon Crawl Stone Soup version 0.28-a0-1033-g1a2f33fa85 (webtiles) character file.

Game seed: 10535410966335098069

123 siradein the Skirmisher (level 5, -7/54 HPs)
             Began as an Ogre Gladiator on Dec 8, 2021.
             Succumbed to a kobold brigand's poison
             ... on level 3 of the Dungeon.
             The game lasted 00:04:09 (3260 turns).

siradein the Skirmisher (Ogre Gladiator)            Turns: 3260, Time: 00:04:10

Health: -7/54      AC:  3    Str: 18    XL:     5   Next: 7%
Magic:  5/5        EV: 10    Int:  9    God:
Gold:   177        SH:  0    Dex: 12    Spells: 4/4 levels left

rFire   . . .      SeeInvis .   a - +0 flail
rCold   . . .      Faith    .   (no shield)
rNeg    . . .      Spirit   .   b - +0 robe
rPois   .          Reflect  .   c - +0 hat
rElec   .          Harm     .   (no cloak)
rCorr   .          Rampage  .   (gloves unavailable)
Will    .....                   (boots unavailable)
Stlth   +.........              (no amulet)
HPRegen 0.18/turn               (no ring)
MPRegen 0.09/turn               (no ring)

@: lethally poisoned (-7 -> -48)
A: large, unfitting armour, tough skin 1
a: no special abilities


You were on level 3 of the Dungeon.
You visited 1 branch of the dungeon, and saw 3 of its levels.

You collected 177 gold pieces.

Inventory:

Hand Weapons
 a - a +0 flail (weapon)
Missiles
 d - 3 throwing nets
 e - 90 stones (quivered)
 f - 6 atropa-tipped darts
 i - 5 javelins
 l - a boomerang
Armour
 b - a +0 robe (worn)
 c - a +0 hat (worn)
Jewellery
 g - a ring of poison resistance
 j - a +6 ring of intelligence
Scrolls
 h - a scroll of immolation {unknown}
 k - a scroll of enchant armour {unknown}
 m - a scroll of fear {unknown}


   Skills:
 + Level 4.0 Fighting
 + Level 3.4 Maces & Flails
 + Level 3.0 Throwing
 + Level 3.4 Dodging


You had 4 spell levels left.
You didn't know any spells.
Your spell library contained the following spells:

 Spells                   Type           Power      Damage    Failure   Level
 Blink                    Tloc           0%         N/A       52%         2
 Ensorcelled Hibernation  Hex/Ice        0%         N/A       52%         2
 Tukima's Dance           Hex            0%         N/A       77%         3
 Manifold Assault         Tloc           0%         N/A       100%        5
 Storm Form               Tmut/Air       0%         N/A       100%        7


Dungeon Overview and Level Annotations

Branches:
Dungeon (3/15)

Altars:


Innate Abilities, Weirdness & Mutations

You are too large for most types of armour.
You have tough skin. (AC +1)


Message History

No target in view!
Things that are here:
a +0 dagger; a kobold corpse
Things that are here:
a +0 club; a kobold corpse HP restored.
The kobold brigand shouts!
The kobold brigand throws a poisoned dart.
The poisoned dart barely misses you.
You start waiting.
A kobold brigand is nearby!
You hit the kobold brigand but do no damage.
The kobold brigand hits you with a +2 dagger of venom.
You are poisoned.
You closely miss the kobold brigand.
You feel very sick.
The kobold brigand hits you with a +2 dagger of venom.
You are more poisoned.
You barely miss the kobold brigand.
You feel very sick. The kobold brigand barely misses you.
You hit the kobold brigand but do no damage.
You feel very sick.
The kobold brigand hits you with a +2 dagger of venom. x2
You are more poisoned.
You barely miss the kobold brigand.
You feel extremely sick.
The kobold brigand hits you with a +2 dagger of venom.
* * * LOW HITPOINT WARNING * * *
You are more poisoned.
You hit the kobold brigand.
The kobold brigand is lightly wounded.
* * * LOW HITPOINT WARNING * * *
You feel extremely sick.
The kobold brigand hits you with a +2 dagger of venom.
* * * LOW HITPOINT WARNING * * *
You are more poisoned.
You closely miss the kobold brigand.
The kobold brigand is lightly wounded.
You die...

......## #.#..# #.# .......#
#.#..###..# #.# ###....#
#.#....#.:# #.#
###....###.##...#..# #.#
..#....+.#.######.. #.#
..+....#.#.# #..# ##.#
..#....#.#.# ##.. ≈≈#.#######
..#....'.#.# #.K##≈≈≈#.......#
..#....###.####.@#≈≈≈≈#######.#
..#....#...†..#..##≈≈≈# #.#
..#....#.#....##..# ≈# #.#
+###'###'#####.#.)# #.#
...............#).# #.#
##.............#..# #.#
#........####≈#..## #.#
#........# #≈##..# #.#
##.......# #≈≈#..## #.#


You could see a kobold brigand.

Vanquished Creatures
  An orc priest (D:3)
  2 adders (D:2)
  A worm (D:2)
  A dart slug (D:1)
  8 orcs
  3 bats
  2 endoplasms
  2 giant cockroaches (D:2)
  4 hobgoblins
  6 jackals
  10 kobolds
  2 ball pythons
  5 frilled lizards
  7 goblins
  10 rats
64 creatures vanquished.

Notes
Turn   | Place    | Note
-------+----------+-------------------------------------------
     0 | D:1      | siradein the Ogre Gladiator began the quest for the Orb.
     0 | D:1      | Reached XP level 1. HP: 22/22 MP: 1/1
   258 | D:1      | Noticed an eye of devastation
   285 | D:1      | Reached XP level 2. HP: 9/29 MP: 2/2
   552 | D:1      | Reached skill level 3 in Fighting
   594 | D:1      | Found a faded altar of an unknown god.
   968 | D:1      | Noticed a floating eye
   970 | D:1      | Noticed an eye of devastation
   974 | D:1      | Noticed a great orb of eyes
  1176 | D:2      | Reached XP level 3. HP: 37/37 MP: 3/3
  2016 | D:2      | Reached XP level 4. HP: 45/45 MP: 4/4
  2822 | D:3      | Reached skill level 4 in Fighting
  2822 | D:3      | Reached XP level 5. HP: 41/54 MP: 5/5
  2993 | D:3      | Noticed a kobold brigand
  3259 | D:3      | HP: 2/54 [kobold brigand (6)]
  3260 | D:3      | Succumbed to a kobold brigand's poison

Illustrated notes

Levels and vault maps discovered:
D:1:      saegor_arrival_simple_d, layout_basic,
          hellmonk_ecumenical_altar_watching_god, hex_tiny
D:2:      layout_basic
D:3:      cheibrodos_thug_alley, layout_basic

Skill      XL: |  1  2  3  4 |
---------------+-------------+-----
Fighting       | 3 4 |  4.0
Maces & Flails | 3 |  3.4
Dodging        | 3 |  3.4
Throwing       | 3 |  3.0

Action                   |  1- 3 |  4- 6 || total
-------------------------+-------+-------++-------
Melee: Flail             |   129 |    91 ||   220
Throw: Stone             |     6 |     1 ||     7
  Use: Potion            |     1 |       ||     1
 Stab: Sleeping          |     1 |       ||     1
Armor: Robe              |    50 |    35 ||    85
Dodge: Dodged            |   101 |    75 ||   176

Table legend: (Time is in decaauts)
 A = Elapsed time spent in this place.
 B = Non-inter-level travel time spent in this place.
 C = Inter-level travel time spent in this place.
 D = Time resting spent in this place.
 E = Time spent auto-exploring this place.
 F = Levels seen in this place.
 G = Mean time per level.
                   A        B        C        D        E       F      G
               +--------+--------+--------+--------+--------+-----+--------+
         Total |   3324 |   3275 |     49 |    212 |   2470 |   3 | 1108.0 |
       Dungeon |   3324 |   3275 |     49 |    212 |   2470 |   3 | 1108.0 |
               +--------+--------+--------+--------+--------+-----+--------+

Top non-repeatable levels by time:
     D:1: 1186 daAuts
     D:3: 1103 daAuts
     D:2: 1035 daAuts
